 Dungeon Crawl Stone Soup version 0.31-a0-1091-g283494c966 (webtiles) character file.

Game seed: 3322439649823230904

1462 Dirtsage the Changeling (level 8, 0/55 HPs)
             Began as an Octopode Shapeshifter on Nov 28, 2023.
             Slain by an orc warrior
             ... wielding a +0 scimitar
              (17 damage)
             ... on level 6 of the Dungeon.
             The game lasted 00:09:27 (4772 turns).

Dirtsage the Changeling (Octopode Shapeshifter)     Turns: 4772, Time: 00:09:28

Health: 0/55       AC:  1    Str: 15    XL:     8   Next: 77%
Magic:  8/8        EV: 13    Int: 12    God:
Gold:   172        SH:  0    Dex: 18    Spells: 7/7 levels left

rFire   . .          .
                       - Unarmed
rCold   . . .        (no shield)
rNeg    . . .        (helmet currently unavailable)
rPois   .            (no amulet)
rElec   .            j - +6 ring of dexterity
rCorr   .            (no ring)
SInv    .            (no ring)
Will    .....        (no ring)
Stlth   +++          (no ring)
HPRegen 0.29/turn    (no ring)
MPRegen 0.11/turn    (no ring)
                     (no ring)

%: no passive effects
@: beast-form
A: beast (slay +4), almost no armour, amphibious, 8 rings, camouflage 1,
gelatinous body 1, (nimble swimmer 1), tentacles
a: Begin Untransformation


You were on level 6 of the Dungeon.
You were a hulking beast.
You visited 2 branches of the dungeon, and saw 7 of its levels.

You collected 232 gold pieces.
You spent 60 gold pieces at shops.

Inventory:

Magical Staves
 o - a staff of fire
Jewellery
 j - a +6 ring of dexterity (left tentacle)
 l - an amulet of magic regeneration
Talismans
 b - a beast talisman
 c - a flux talisman
 s - a flux talisman
Wands
 u - a wand of mindburst (11)
Scrolls
 a - 2 scrolls of revelation
 e - a scroll of vulnerability {unknown}
 f - a scroll of butterflies {unknown}
 h - a scroll of enchant armour
 i - 3 scrolls of identify
 k - a scroll of fog {unknown}
 t - 4 scrolls of teleportation
 w - 3 scrolls of noise
 x - a scroll of fear {unknown}
Potions
 d - a potion of attraction {unknown}
 g - a potion of ambrosia {unknown}
 m - 2 potions of heal wounds {unknown}
 n - 2 potions of magic {unknown}
 p - 2 potions of invisibility {unknown}
 q - a potion of curing
 r - a potion of berserk rage {unknown}
 v - a potion of mutation {unknown}


   Skills:
 + Level 5.2 Fighting
 - Level 2.0 Dodging
 + Level 6.0 Unarmed Combat
 * Level 7.5 Shapeshifting


You had 7 spell levels left.
You didn't know any spells.
Your spell library contained the following spells:

 Spells                   Type           Power      Damage    Failure   Level
 Apportation              Tloc           0%         N/A       32%         1
 Magic Dart               Conj           0%         1d3       32%         1
 Call Imp                 Summ           0%         N/A       45%         2
 Jinxbite                 Hex            0%         N/A       45%         2
 Lesser Beckoning         Tloc           0%         N/A       45%         2
 Gell's Gravitas          Tloc           0%         N/A       69%         3
 Mephitic Cloud           Conj/Pois/Air  0%         N/A       69%         3
 Stone Arrow              Conj/Erth      0%         3d7       69%         3
 Teleport Other           Tloc           0%         N/A       69%         3
 Alistair's Intoxication  Tmut/Pois      0%         N/A       100%        5
 Lehudib's Crystal Spear  Conj/Erth      0%         10d2      100%        8
 Animate Armour           Summ/Erth      Unusable   N/A       N/A         4

Dungeon Overview and Level Annotations

Branches:
Dungeon (6/15)             Temple (1/1) D:5

Altars:
Ashenzari
Cheibriados
Dithmenos
Elyvilon
Fedhas
Kikubaaqudgha
Makhleb
Nemelex Xobeh
Okawaru
Qazlal
Sif Muna
Trog
Uskayaw
Vehumet
Xom
Yredelemnul
Zin

Shops:
D:4 ?([

Annotations:
D:5 1 runed translucent door, Crazy Yiuf


Innate Abilities, Weirdness & Mutations

You are a hulking beast.
Your limbs bulge with bestial killing power. (Slay +4)
You cannot wear most types of armour.
You are amphibious.
You can wear up to eight rings at the same time.
Your skin changes colour to match your surroundings (Stealth+).
Your rubbery body absorbs attacks. (AC +1, EV +1)
((You are camouflaged when in or above water. (Stealth+)))
You have tentacles for arms and can constrict up to eight enemies at once.


Message History

An orc warrior and 2 orcs come into view.
The orc warrior shouts!
The orc shouts!
You barely miss the orc.
The orc shouts!
You grab the orc. You constrict the orc. The orc misses you.
You bludgeon the orc!
You kill the orc!
You tentacle-slap the orc warrior but do no damage.
You grab the orc warrior. You squeeze the orc warrior.
The orc warrior is lightly wounded.
You constrict the orc warrior. The orc barely misses you.
The orc warrior completely misses you.
You tentacle-slap the orc warrior.
The orc warrior is moderately wounded.
You constrict the orc warrior, but do no damage.
The orc misses you.
The orc warrior hits you with a +0 scimitar!
You take 13 damage, and have 42/55 hp.
MASSIVE DAMAGE!!
You tentacle-slap the orc warrior.
You squeeze the orc warrior, but do no damage.
The orc warrior is heavily wounded.
You constrict the orc warrior, but do no damage.
The orc misses you.
The orc warrior hits you with a +0 scimitar!
You take 13 damage, and have 29/55 hp.
MASSIVE DAMAGE!!
You are too injured to fight recklessly!
You are too injured to fight recklessly!
You tentacle-slap the orc warrior but do no damage.
You tentacle-slap the orc warrior, but do no damage.
You squeeze the orc warrior, but do no damage.
The orc warrior is heavily wounded.
You constrict the orc warrior. The orc misses you.
The orc warrior hits you with a +0 scimitar!
You take 10 damage, and have 19/55 hp.
You bludgeon the orc warrior! Your squeeze misses the orc warrior.
The orc warrior is severely wounded.
You constrict the orc warrior, but do no damage.
The orc hits you with a +0 flail.
The orc warrior hits you with a +0 scimitar!
You die...

. #. #. .# . ##.# ..#
#..# ..(.# ##<.+
#...##..## #.oh..#
###o..# ##...# #.....
#......# ## #........
..#### ##.......
......#########..(....
.................


You could see an orc warrior and an orc.

Vanquished Creatures
  A yak (D:5)
  Edmund (D:5)
  3 black bears
  2 ogres
  A centaur (D:4)
  5 scorpions
  2 hounds
  A sleepcap (D:6)
  An iguana (D:5)
  4 orc wizards (D:5)
  7 adders
  4 worms
  6 dart slugs
  7 orcs
  9 endoplasms
  5 giant cockroaches
  10 goblins
  6 hobgoblins
  3 jackals (D:3)
  3 quokkas
  3 ball pythons (D:3)
  2 bats
  2 frilled lizards
  12 kobolds
  6 rats
106 creatures vanquished.

Notes
Turn   | Place    | Note
-------+----------+-------------------------------------------
     0 | D:1      | Dirtsage the Octopode Shapeshifter began the quest for the
                  | Orb.
     0 | D:1      | Reached XP level 1. HP: 13/13 MP: 1/1
   256 | D:1      | Reached XP level 2. HP: 18/18 MP: 2/2
   812 | D:2      | Found a burning altar of Makhleb.
   859 | D:2      | Reached XP level 3. HP: 23/23 MP: 3/3
  1649 | D:3      | Reached XP level 4. HP: 23/29 MP: 4/4
  2120 | D:3      | Reached skill level 4 in Shapeshifting
  2339 | D:4      | Noticed a black bear
  2369 | D:4      | Killed a black bear
  2370 | D:4      | Reached XP level 5. HP: 31/35 MP: 5/5
  2615 | D:4      | Reached XP level 6. HP: 41/41 MP: 6/6
  2660 | D:4      | Found a stormy altar of Qazlal.
  2747 | D:4      | Reached skill level 5 in Shapeshifting
  2883 | D:4      | Found Faaham's Armour Shop.
  2891 | D:4      | Found Cemmag's Weapon Shop.
  2893 | D:4      | Found Jimp's Magic Scroll Shop.
  3022 | D:4      | Bought a scroll of identify for 24 gold pieces
  3022 | D:4      | Bought a scroll of identify for 24 gold pieces
  3022 | D:4      | Bought a scroll of noise for 12 gold pieces
  3330 | D:5      | Entered Level 5 of the Dungeon
  3370 | D:5      | Noticed a black bear
  3377 | D:5      | Reached XP level 7. HP: 27/46 MP: 7/7
  3642 | D:5      | Reached skill level 6 in Shapeshifting
  3647 | D:5      | Reached skill level 5 in Unarmed Combat
  3757 | D:5      | Noticed Edmund
  3762 | D:5      | Killed Edmund
  3763 | D:5      | Reached XP level 8. HP: 54/54 MP: 8/8
  4222 | D:5      | Found a staircase to the Ecumenical Temple.
  4231 | Temple   | Entered the Ecumenical Temple
  4282 | D:5      | Found a runed translucent door.
  4283 | D:5      | Noticed Crazy Yiuf
  4320 | D:5      | Reached skill level 7 in Shapeshifting
  4414 | D:5      | Noticed a yak
  4415 | D:5      | Noticed a yak
  4415 | D:5      | Noticed a yak
  4416 | D:5      | Noticed a yak
  4416 | D:5      | Noticed a yak
  4416 | D:5      | Noticed a yak
  4423 | D:5      | Killed a yak
  4610 | D:6      | Reached skill level 5 in Fighting
  4614 | D:6      | Noticed a two-headed ogre
  4772 | D:6      | Slain by an orc warrior

Illustrated notes

Levels and vault maps discovered:
D:1:      matt_arrival_refuge, layout_rooms, chequers_avenue,
          minmay_crystal_room, minmay_pentomino_s4
D:2:      layout_basic, basic_altar, minmay_vboxes
D:3:      layout_basic, nicolae_wormholes
D:4:      layout_rooms, mainiacjoe_overflow_alcove_4, serial_corexii_hall,
          corexii_hall_statues_t, corexii_hall_statues_l,
          chequers_hall_statues_y, chequers_hall_statues_y,
          corexii_hall_statues_s, corexii_hall_statues_i, serial_bayou_pond_e,
          nicolae_shop_distant_corner_stores,
          hangedman_abyss_or_decor_jellyfish_corner
D:5:      layout_basic, minmay_temple_entry_mini_moons,
          kennysheep_generic_room_16, uniq_edmund, uniq_crazy_yiuf_cottage
D:6:      layout_cave_pods, nicolae_ru_path_of_blood, minitemple, serial_rivers,
          chequers_serial_rivers_micro_b, chequers_serial_rivers_small_b,
          chequers_serial_rivers_small_b, chequers_serial_rivers_room_b
Temple:   bh_familiar_temple

Skill      XL: |  1  2  3  4  5  6  7  8 |
---------------+-------------------------+-----
Fighting       | 2 3 4 5 |  5.2
Shapeshifting  | 4 5 6 7 |  7.5
Unarmed Combat | 4 5 6 |  6.0
Dodging        | |  2.0

Action                     |  1- 3 |  4- 6 |  7- 9 || total
---------------------------+-------+-------+-------++-------
  Melee: Unarmed           |    85 |    82 |    71 ||   238
         Tentacles         |    13 |    16 |    20 ||    49
         Constrict         |    21 |    20 |    18 ||    59
         Punch             |     3 |     2 |     7 ||    12
  Evoke: Wand              |       |       |    10 ||    10
    Use: Potion            |       |     1 |     3 ||     4
         Scroll            |       |       |     3 ||     3
   Stab: Sleeping          |     9 |     5 |     3 ||    17
 Armour: Skin              |    24 |    60 |    37 ||   121
  Dodge: Dodged            |    29 |    51 |    48 ||   128

Table legend: (Time is in decaauts)
 A = Elapsed time spent in this place.
 B = Non-inter-level travel time spent in this place.
 C = Inter-level travel time spent in this place.
 D = Time resting spent in this place.
 E = Time spent auto-exploring this place.
 F = Levels seen in this place.
 G = Mean time per level.
                   A        B        C        D        E       F      G
               +--------+--------+--------+--------+--------+-----+--------+
         Total |   4755 |   4498 |    257 |    477 |   3317 |   7 |  679.3 |
       Dungeon |   4753 |   4496 |    257 |    477 |   3317 |   6 |  792.2 |
        Temple |      1 |      1 |      0 |      0 |      0 |   1 |    1.0 |
               +--------+--------+--------+--------+--------+-----+--------+

Top non-repeatable levels by time:
     D:5: 1398 daAuts
     D:4: 970 daAuts
     D:3: 862 daAuts
     D:2: 856 daAuts
     D:1: 634 daAuts
     D:6: 30 daAuts
  Temple: 1 daAuts
